 Dungeon Crawl Stone Soup version 0.31-a0-691-g409c26aa35 (webtiles) character file.

Game seed: 2534270913822754256

84 qw the Shooter (level 4, 0/28 HPs)
             Began as a Gargoyle Hunter on Sept 6, 2023.
             Slain by a gnoll
             ... wielding a +0 halberd
              (6 damage)
             ... on level 3 of the Dungeon.
             The game lasted 00:00:40 (1843 turns).

qw the Shooter (Gargoyle Hunter)                    Turns: 1843, Time: 00:00:41

Health: 0/28       AC:  8    Str: 15    XL:     4   Next: 45%
Magic:  4/4        EV: 11    Int:  9    God:
Gold:   131        SH:  0    Dex: 15    Spells: 3/3 levels left

rFire   . . .        Y - +0 shortbow
rCold   . . .        (shield currently unavailable)
rNeg    + . .        e - +0 ring mail
rPois   inf          (no helmet)
rElec   +            (no cloak)
rCorr   .            (no gloves)
SInv    .            (no boots)
Will    .....        (no amulet)
Stlth   +            (no ring)
HPRegen 0.24/turn    (no ring)
MPRegen 0.09/turn

%: no passive effects
@: no status effects
A: sickness immunity, AC +3, negative energy resistance 1, electricity
resistance, torment resistance 1, petrification resistance
a: no special abilities


You were on level 3 of the Dungeon.
You visited 1 branch of the dungeon, and saw 3 of its levels.

You collected 131 gold pieces.


Innate Abilities, Weirdness & Mutations

You are immune to sickness and miasma.
Your stone body is resilient. (AC +3)
You are immune to poison.
You resist negative energy. (rN+)
You are resistant to electric shocks. (rElec)
You are resistant to unholy torment.
You are immune to petrification.


   Skills:
 - Level 3.0 Fighting
 + Level 5.3 Ranged Weapons
 - Level 1.0 Armour
 - Level 1.5 Dodging
 - Level 1.1 Stealth


You had 3 spell levels left.
You didn't know any spells.
Your spell library was empty.

Inventory:

Hand Weapons
 Y - a +0 shortbow (weapon)
Armour
 e - a +0 ring mail (worn)
Potions
 b - a potion of brilliance {unknown}
 f - a potion of mutation {unknown}
 g - a potion of degeneration {unknown}

Dungeon Overview and Level Annotations

Branches:
Dungeon (3/15)

Altars:
Wu Jian


Message History

You struggle against the net.
The gnoll hits you from afar with a +0 halberd.
You rip the net and break free!
The gnoll barely misses you. The gnoll hits you with a +0 flail.
You shoot an arrow. The arrow hits the gnoll.
The gnoll is heavily wounded.
The gnoll hits you from afar with a +0 halberd.
The gnoll hits you with a +0 flail!
Enter note:
1837 |||
Found retreat position at 2,-1 (floor) with 0 blocking monsters and 2 monsters attacking at destination at distance 2
1837 ||| Stepping ~*~*~tactically~*~*~ (retreating).
The giant cockroach attacks as it pursues you!
The giant cockroach bites you.
You shoot an arrow. The arrow hits the giant cockroach.
The giant cockroach is severely wounded.
The giant cockroach barely misses you.
You shoot an arrow.
The arrow closely misses the giant cockroach.
The gnoll throws a throwing net.
The throwing net hits you.
You become entangled in the net!
The giant cockroach barely misses you. The gnoll barely misses you.
The giant cockroach bites you but does no damage.
You tear a large gash into the net.
The giant cockroach bites you but does no damage.
The gnoll barely misses you.
Enter note:
1841 |||
Found retreat position at 1,0 (floor) with 0 blocking monsters and 3 monsters attacking at destination at distance 1 You struggle against the net.
The giant cockroach bites you but does no damage.
The gnoll barely misses you.
1842 |||
Found retreat position at 1,0 (floor) with 0 blocking monsters and 3 monsters attacking at destination at distance 1 You struggle against the net.
The gnoll shouts!
The gnoll hits you with a +0 flail. The giant cockroach barely misses you.
The gnoll hits you from afar with a +0 halberd.
1843 |||
Found retreat position at 1,0 (floor) with 0 blocking monsters and 3 monsters attacking at destination at distance 1 You rip the net and break free!
The giant cockroach closely misses you.
The gnoll hits you from afar with a +0 halberd.
You die...

#.#.#.# ..##
#####.#.#.# #....#
#.....#.#.# #...#
..#####...# #...#
>## #..###...# .#
#.#.....#
.########...#.#.# #
................##.#
.##########.#.#B@..#
......#.......gg####
....#.#.#####.g##
...[# #..# ....#
##.# ....# #.# ....#
... .####


P.PP .# P.gP. You could see 3 gnolls and a giant cockroach.

Vanquished Creatures
  3 adders
  8 ball pythons
  4 endoplasms
  A giant cockroach (D:2)
  6 goblins
  2 hobgoblins (D:1)
  8 jackals (D:2)
  6 kobolds
  3 quokkas
  3 bats
  5 frilled lizards
  5 rats
54 creatures vanquished.

Notes
Turn   | Place    | Note
-------+----------+-------------------------------------------
     0 | D:1      | qw the Gargoyle Hunter began the quest for the Orb.
     0 | D:1      | Reached XP level 1. HP: 12/12 MP: 1/1
     0 | D:1      | 0 ||| qw: Version: 0.3-a-76-g4403597
     0 | D:1      | 0 ||| qw: Game counter: 8
     0 | D:1      | 0 ||| qw: Melee chars always use a shield: true
     0 | D:1      | 0 ||| qw: God list: Okawaru
     0 | D:1      | 0 ||| qw: Allow faded altars: false
     0 | D:1      | 0 ||| qw: Do Orc after clearing Dungeon:15 true
     0 | D:1      | 0 ||| qw: Do second Lair branch before Depths: true
     0 | D:1      | 0 ||| qw: Lair rune preference: random
     0 | D:1      | 0 ||| qw: Goals: Normal
     0 | D:1      | 0 ||| PLANNING D:1-11
   170 | D:1      | Reached XP level 2. HP: 17/17 MP: 2/2
   489 | D:1      | Reached XP level 3. HP: 21/21 MP: 3/3
   618 | D:1      | Reached skill level 5 in Ranged Weapons
   926 | D:1      | 926 ||| UPGRADING to +0 ring mail.
   936 | D:1      | 936 ||| DROPPING +0 leather armour.
   937 | D:1      | 937 ||| READING scroll labelled VUOTOLE EFIMYKH.
   953 | D:1      | 953 ||| READING scroll labelled XISMOSSI MEADGH.
   954 | D:1      | 954 ||| DROPPING scroll of butterflies.
  1070 | D:2      | Reached skill level 1 in Armour
  1235 | D:2      | Reached skill level 3 in Fighting
  1235 | D:2      | Reached XP level 4. HP: 25/28 MP: 4/4
  1411 | D:2      | Found an ornate altar of the Wu Jian Council.
  1555 | D:2      | Found a faded altar of an unknown god.
  1667 | D:2      | 1667 ||| DROPPING amulet of magic regeneration.
  1668 | D:2      | 1668 ||| READING scroll labelled ICHOQ IBIBURI.
  1669 | D:2      | 1669 ||| READING scroll labelled ASUIZUOHAB.
  1828 | D:3      | 1828 ||| RETREATING.
  1837 | D:3      | 1837 ||| Stepping ~*~*~tactically~*~*~ (retreating).
  1842 | D:3      | HP: 6/28 [gnoll/+0 halberd (3)]
  1843 | D:3      | Slain by a gnoll

Levels and vault maps discovered:
D:1:      elethiomel_arrival_infinity_welcomes_careful_drivers,
          layout_loops_corners
D:2:      layout_loops_cross, shapermc_ecumenical_altar_acropolis, basic_altar
D:3:      layout_basic, serial_co_window_serial, co_window_paths_a,
          co_window_paths_b, co_window_paths_a, co_window_of_opportunity_a,
          co_window_corner_a, co_window_broadway_b, co_window_unsneaky_path_b,
          co_window_corner_b, co_window_corner_cb, co_window_corner_b,
          co_window_paths_c, co_window_of_opportunity_c, glass_columns_b,
          glass_columns_b, glass_columns_a, glass_columns_a, glass_columns_a,
          nicolae_grassy_gnolls

Skill      XL: |  1  2  3 |
---------------+----------+-----
Ranged Weapons | 5 |  5.3
Armour         | 1 |  1.0
Fighting       | 3 |  3.0
Dodging        | |  1.5
Stealth        | |  1.1

Action                     |  1- 3 |  4- 6 || total
---------------------------+-------+-------++-------
   Fire: Shortbow          |   109 |    45 ||   154
    Use: Scroll            |     2 |     2 ||     4
 Armour: Leather armour    |     4 |       ||     4
         Ring mail         |    20 |    40 ||    60
  Dodge: Dodged            |    27 |    40 ||    67

Table legend:
 A = Non-vault XP
 B = Vault XP
 C = Vault XP percentage of total XP
 D = Non-vault monster count
 E = Vault monster count
 F = Vault count percentage of total count
                 A         B        C        D         E       F
            +---------+---------+-------+---------+---------+-------
      Total |     120 |       0 |   0.0 |      54 |       0 |   0.0
            +---------+---------+-------+---------+---------+-------
        D:1 |      44 |       0 |   0.0 |      27 |       0 |   0.0
        D:2 |      48 |       0 |   0.0 |      23 |       0 |   0.0
        D:3 |      28 |       0 |   0.0 |       4 |       0 |   0.0
            +---------+---------+-------+---------+---------+-------
